 Dungeon Crawl Stone Soup version 0.17.1-1-g73c8601 (webtiles) character file.

718 penguinsfan71 the Covered (level 7, -7/61 HPs)
             Began as a Minotaur Berserker on Dec 21, 2015.
             Was a Priest of Trog.
             Mangled by Duvessa
             ... wielding a +0 short sword
              (10 damage)
             ... on level 5 of the Dungeon.
             The game lasted 00:27:57 (4600 turns).

penguinsfan71 the Covered (Minotaur Berserker)      Turns: 4600, Time: 00:27:57

Health: -7/61      AC: 13    Str: 24    XL:     7   Next: 42%
Magic:  6/6        EV:  8    Int:  4    God:    Trog [***...]
Gold:   185        SH:  0    Dex:  9    Spells: 0 memorised, 6 levels left

rFire  . . .     SeeInvis .     a - +1 falchion
rCold  . . .     Clarity  .     v - +0 plate armour
rNeg   . . .     SustAt   .     (no shield)
rPois  .         Gourm    .     (helmet restricted)
rElec  .         Spirit   .     (no cloak)
rCorr  .         Warding  .     (no gloves)
rMut   .         Stasis   .     (no boots)
MR     .....                    (no amulet)
Stlth  ..........               (no ring)
                                (no ring)

@: exhausted, slowed, very slow, not resistant to hostile enchantments,
extremely unstealthy
A: retaliatory headbutt, horns 2
a: Berserk, Trog's Hand, Burn Spellbooks, Renounce Religion


You were on level 5 of the Dungeon.
You worshipped Trog.
Trog was most pleased with you.
You were hungry.

You visited 1 branch of the dungeon, and saw 5 of its levels.

You collected 185 gold pieces.

Inventory:

Hand Weapons
 a - a +1 falchion (weapon)
 g - a +0 club
 r - a +0 mace
 w - a +0 flail
 E - a +2 dagger of draining
Missiles
 j - 15 arrows of flame
 k - 11 poisoned bolts
 n - 21 bolts
Armour
 b - a +1 animal skin
 h - a +0 ring mail
 v - a +0 plate armour (worn)
 x - a +1 robe of the Archmagi
Wands
 c - a wand of random effects (23)
Scrolls
 e - a scroll of amnesia
 f - 2 scrolls of recharging
 q - a scroll of identify
 y - a scroll of remove curse {unknown}
 F - a scroll of fog {unknown}
Potions
 d - a potion of curing
 o - a potion of heal wounds {unknown}
 p - 2 potions of poison {unknown}
 s - a potion of ambrosia {unknown}
 t - a potion of cancellation {unknown}
 u - 3 potions of mutation {unknown}
 z - a potion of beneficial mutation {unknown}
 B - a potion of might {unknown}
 D - 2 potions of haste
Comestibles
 i - 7 fruits
 l - a slice of pizza
 m - a meat ration
 A - 3 bread rations
 C - 2 beef jerkies


   Skills:
 + Level 5.4 Fighting
 + Level 5.9 Long Blades
 + Level 6.7 Armour
 + Level 4.2 Dodging
 + Level 0.5 Stealth


You had 6 spell levels left.
You didn't know any spells.

Dungeon Overview and Level Annotations

Branches:
Dungeon (5/15)
 Temple: D:4-7

Altars:
Qazlal
Trog

Annotations:
D:5 Duvessa; Prince Ribbit; lehmann155's ghost, novice DsGl


Innate Abilities, Weirdness & Mutations

You reflexively headbutt those who attack you in melee.
You have a pair of horns on your head.


Message History

Lehmann155's ghost hits you! Duvessa hits you with a short sword!
* * * LOW HITPOINT WARNING * * *
Prince Ribbit blinks!
Prince Ribbit barely misses you. Duvessa hits you but does no damage.
The adder zombie bites you but does no damage.
Prince Ribbit barely misses you. Duvessa hits you but does no damage.
Prince Ribbit lets out a mournful croak.
Duvessa barely misses you. You furiously retaliate!
You headbutt Duvessa, but do no damage.
Prince Ribbit blinks!
Lehmann155's ghost hits you but does no damage.
The adder zombie bites you but does no damage.
Duvessa hits you with a short sword.
* * * LOW HITPOINT WARNING * * *
Duvessa hits you but does no damage.
The adder zombie bites you but does no damage.
Lehmann155's ghost barely misses you. You furiously retaliate!
You headbutt lehmann155's ghost, but do no damage.
Duvessa hits you with a short sword!
You die...

.....#######.......
......................
........##............
......................
......................
#.....................
#.....................
#........)...W........
#.........).Fe@.......
#............Z...#.### #.
##..............##.......
##.....##.........# #.#
############.###.##..#
#######.###.....#
##.......##......####.
#.....................
##....................


You could see Prince Ribbit, Duvessa (berserk), lehmann155's ghost and an adder
zombie.

Vanquished Creatures
  An ogre (D:3)
  A centaur (D:5)
  Blork the orc (D:3)
  Dowan (D:5)
  A scorpion (D:4)
  A crimson imp (D:5)
  A giant frog zombie (D:5)
  A giant frog skeleton (D:4)
  2 iguanas (D:4)
  3 worker ants
  4 gnolls (D:3)
  3 adders
  A shadow imp (D:5)
  An ooze (D:1)
  4 worms
  3 giant geckos
  3 orcs
  2 ball pythons
  3 bats
  6 giant cockroaches
  2 goblins (D:1)
  12 hobgoblins
  11 jackals
  4 kobolds
  4 quokkas
  7 rats
83 creatures vanquished.

Notes
Turn   | Place    | Note
--------------------------------------------------------------
     0 | D:1      | penguinsfan71 the Minotaur Berserker began the quest for the Orb.
     0 | D:1      | Reached XP level 1. HP: 19/19 MP: 0/0
   226 | D:1      | Reached XP level 2. HP: 27/27 MP: 1/1
   313 | D:1      | Reached skill level 4 in Fighting
   442 | D:1      | Reached ** piety under Trog
   589 | D:1      | Reached XP level 3. HP: 33/33 MP: 2/2
  1378 | D:2      | Found a bloodstained altar of Trog.
  1927 | D:3      | Reached XP level 4. HP: 40/40 MP: 3/3
  2259 | D:3      | Reached *** piety under Trog
  2399 | D:3      | Noticed an ogre
  2407 | D:3      | HP: 1/61 [ogre/giant club (9)]
  2411 | D:3      | Killed an ogre
  2411 | D:3      | Reached skill level 5 in Long Blades
  2411 | D:3      | Reached XP level 5. HP: 1/47 MP: 4/4
  3166 | D:3      | Found a stormy altar of Qazlal.
  3394 | D:4      | Reached XP level 6. HP: 33/53 MP: 5/5
  3733 | D:4      | Found a bloodstained altar of Trog.
  3843 | D:4      | Reached skill level 5 in Armour
  3913 | D:4      | Reached skill level 5 in Fighting
  3939 | D:4      | Noticed Blork the orc
  4001 | D:3      | Killed Blork the orc
  4403 | D:5      | Entered Level 5 of the Dungeon
  4505 | D:5      | Reached skill level 6 in Armour
  4505 | D:5      | Reached XP level 7. HP: 61/61 MP: 6/6
  4573 | D:5      | Noticed lehmann155's ghost (novice DsGl)
  4577 | D:5      | Noticed Prince Ribbit
  4579 | D:5      | Noticed Dowan
  4580 | D:5      | Noticed Duvessa
  4594 | D:5      | Killed Dowan
  4599 | D:5      | HP: 3/61 [Duvessa/short sword (6)]
  4600 | D:5      | Mangled by Duvessa

Action                   |  1- 3 |  4- 6 |  7- 9 || total
-------------------------+-------+-------+-------++-------
Melee: Falchion          |   104 |   134 |    18 ||   256
Invok: Berserk           |       |     2 |     1 ||     3
Evoke: Wand              |       |     1 |       ||     1
  Use: Scroll            |     4 |     1 |       ||     5
       Potion            |       |       |     1 ||     1
  Eat: Bread ration      |     1 |     2 |       ||     3
       Fruit             |       |     1 |       ||     1
